 Dungeon Crawl Stone Soup version 0.30-a0-782-ge64f9170bb (webtiles) character file.

Game seed: 15976206452070466778

4 tilp the Shield-Bearer (level 1, -6/19 HPs)
             Began as a Meteoran Fighter on Mar 1, 2023.
             Mangled by Terence
             ... wielding a +2 hand axe of electrocution
              (16 damage)
             ... on level 1 of the Dungeon.
             The game lasted 00:00:42 (134 turns).

tilp the Shield-Bearer (Meteoran Fighter)            Turns: 134, Time: 00:00:43

Health: -6/19      AC:  6    Str: 17    XL:     1   Next: 85%
Magic:  2/2        EV:  9    Int:  9    God:
Gold:   5          SH:  5    Dex: 13    Spells: 0/0 levels left

rFire   . . .      SeeInvis .    a - +0 long sword
rCold   . . .      Faith    .    c - +0 buckler
rNeg    . . .      Spirit   .    b - +0 scale mail
rPois   .          Reflect  .    (no helmet)
rElec   .          Harm     .    (no cloak)
rCorr   .          Rampage  .    (no gloves)
Will    .....                    (no boots) Stlth
                                 (no amulet)
HPRegen 0.23/turn                (no ring)
MPRegen 0.08/turn                (no ring)

@: mighty, glowing
A: sense surroundings 1, otherworldly, glowing, explore regen
a: no special abilities


You were on level 1 of the Dungeon.
You visited 1 branch of the dungeon, and saw 2 of its levels.

You collected 5 gold pieces.

Inventory:

Hand Weapons
 a - a +0 long sword (weapon)
Missiles
 g - 5 stones (quivered)
Armour
 b - a +0 scale mail (worn)
 c - a +0 buckler (worn)
Scrolls
 f - a scroll of immolation {unknown}
Potions
 d - 2 potions of might
 e - a potion of degeneration {unknown}


   Skills:
 + Level 3.3 Fighting
 * Level 2.7 Long Blades
 - Level 3.6 Armour
 + Level 0.4 Dodging
 - Level 3.6 Shields


You couldn't memorise any spells.
You didn't know any spells.
Your spell library was empty.

Dungeon Overview and Level Annotations

Branches:
Dungeon (2/15) Zot: 1061

Altars:

Annotations:
D:1 Terence


Innate Abilities, Weirdness & Mutations

You passively map a small area around you.
You are easily found by Zot.
You glow in the dark.
You regain HP and MP as you explore.


Message History

You hit the jackal but do no damage. The jackal barely misses you.
The jackal bites you but does no damage. x3
You hit the jackal but do no damage. You block the jackal's attack.
The jackal closely misses you.
The jackal bites you but does no damage.
You hit the jackal.
The jackal is moderately wounded.
The jackal bites you but does no damage. x2
The jackal bites you.
You slash the jackal!
You kill the jackal!
The jackal closely misses you. x2
You slash the jackal!
You kill the jackal!
No target in view!
No target in view!
Found a book of Weapons.
Found a stone staircase leading down.
You see here a jackal corpse.
You now have 5 gold pieces.
There is a stone staircase leading down here.
You climb downwards.
Terence shouts!
The ball python hisses angrily. x2; You hear an angry hiss.
Found a whip.
There is a stone staircase leading up here.
Unknown command.
Terence completely misses you.
You climb upwards.
There is a stone staircase leading down here.
Unknown command.
You feel very mighty all of a sudden. You block Terence's attack.
You closely miss Terence.
Terence hits you with a +2 hand axe of electrocution.
You closely miss Terence. Terence misses you.
You slash Terence!
Terence is severely wounded.
Terence hits you with a +2 hand axe of electrocution!
You are electrocuted!
Ouch! That really hurt!
You die...

, * #. *,#......#.#
#####.#####+#...>#+#.#
#....................#
, ,
,#....................#
#...........††.......#
#..............#####.#
*#...............:.. .#
#............#.#### . *
#...@@.......#.# *
###########+##.# * .# *
* , * *


You could see Terence.

Vanquished Creatures
  A giant cockroach (D:1)
  2 jackals (D:1)
3 creatures vanquished.

Notes
Turn   | Place    | Note
-------+----------+-------------------------------------------
     0 | D:1      | tilp the Meteoran Fighter began the quest for the Orb.
     0 | D:1      | Reached XP level 1. HP: 19/19 MP: 2/2
   128 | D:2      | Noticed Terence
   134 | D:1      | Mangled by Terence

Illustrated notes

Levels and vault maps discovered:
D:1:      nzn_arrival_crosshair, layout_basic, serial_shops, shop_fountains,
          serial_curves, eino_curves_03, eino_curves_03, kennysheep_flooded_box
D:2:      layout_rooms, dreamdust_ecumenical_altar_statues, uniq_terence

Action                     || total
---------------------------++-------
  Melee: Long sword        ||    12
    Use: Potion            ||     1
 Armour: Scale mail        ||     9
  Dodge: Dodged            ||    10
  Block: Buckler           ||     5

Table legend: (Time is in decaauts)
 A = Elapsed time spent in this place.
 B = Non-inter-level travel time spent in this place.
 C = Inter-level travel time spent in this place.
 D = Time resting spent in this place.
 E = Time spent auto-exploring this place.
 F = Levels seen in this place.
 G = Mean time per level.
                   A        B        C        D        E       F      G
               +--------+--------+--------+--------+--------+-----+--------+
         Total |    137 |    104 |     33 |      0 |      0 |   2 |   68.5 |
       Dungeon |    137 |    104 |     33 |      0 |      0 |   2 |   68.5 |
               +--------+--------+--------+--------+--------+-----+--------+

Top non-repeatable levels by time:
     D:1: 136 daAuts
     D:2: 1 daAuts
